 Dungeon Crawl Stone Soup version 0.20-a0-1063-gb8e8b7e (webtiles) character file.

2760 Deemzul the Covert (level 9, -5/62 HPs)
             Began as an Octopode Monk on Apr 28, 2017.
             Was a High Priest of Dithmenos.
             Slain by an orc warrior
             ... wielding a +0 hand axe
              (18 damage)
             ... on level 8 of the Dungeon.
             The game lasted 00:10:16 (8782 turns).

Deemzul the Covert (Octopode Monk)                  Turns: 8782, Time: 00:10:16

Health: -5/62      AC:  1    Str: 17    XL:     9   Next: 69%
Magic:  9/9        EV: 18    Int: 12    God:    Dithmenos [*****.]
Gold:   363        SH:  3    Dex: 16    Spells: 8/8 levels left

rFire    . . .     SeeInvis .     - Unarmed
rCold    + . .     Gourm    .   p - +0 buckler
rNeg     . . .     Faith    .   (helmet restricted)
rPois    +         Spirit   .   (no amulet)
rElec    .         Reflect  .   x - ring of poison resistance
rCorr    .         Harm     .   C - ring of protection from cold
MR       .....     Rnd*Rage +   (no ring)
Stlth    +++++++++.             (no ring)
Regen    0.2/turn               (no ring)
MPRegen  0.2/turn               (no ring)
                                (no ring)
                                (no ring)

@: mighty, starving, wreathed by umbra
A: almost no armour, stealthy swim, amphibious, 8 rings, constrict 8, repulsion
field 1, camouflage 1, berserk 1, blink, clumsy 1, strong 1, gelatinous body 1
a: Blink, Shadow Step, Shadow Form, Renounce Religion


You were on level 8 of the Dungeon.
You worshipped Dithmenos.
Dithmenos was extremely pleased with you.
You were starving.

You visited 2 branches of the dungeon, and saw 10 of its levels.

You collected 363 gold pieces.

Inventory:

Hand Weapons
 D - a +2 spear of freezing
Armour
 m - a +0 large shield
 p - a +0 buckler (worn)
Jewellery
 x - a ring of poison resistance (left tentacle)
 C - a ring of protection from cold (right tentacle)
Wands
 v - a wand of enslavement (17/24)
Scrolls
 e - a scroll of amnesia
 g - a scroll of teleportation
 h - a scroll of blinking {unknown}
 j - 2 scrolls of fear
 l - 2 scrolls of recharging
 n - 11 scrolls of identify
 o - a scroll of magic mapping
 q - 2 scrolls of enchant weapon
 r - a scroll of random uselessness {unknown}
 u - a scroll of enchant armour {unknown}
 w - a scroll of brand weapon {unknown}
 E - a scroll of remove curse
Potions
 d - a potion of might
 i - 3 potions of haste
 s - a potion of magic
 t - 2 potions of lignification {unknown}
 z - a potion of flight {unknown}
 A - a potion of agility
 B - a potion of curing
Books
 f - a book of Minor Magic

   Spells                             Type                      Level
   a - Magic Dart                     Conjuration                  1
   b - Blink                          Translocation                2
   c - Call Imp                       Summoning                    2
   d - Slow                           Hexes                        2
   e - Conjure Flame                  Conjuration/Fire             3
   f - Mephitic Cloud                 Conjuration/Poison/Air       3
Comestibles
 a - 6 bread rations
 b - 8 meat rations
 c - a fruit
 k - 3 royal jellies


   Skills:
 + Level 6.2 Fighting
 + Level 6.1 Dodging
 * Level 10.6 Stealth
 * Level 8.1 Unarmed Combat


You had 8 spell levels left.
You didn't know any spells.

Dungeon Overview and Level Annotations

Branches:
Dungeon (9/15)             Temple (1/1) D:4
   Lair: D:8-11         Orc: D:9-12

Altars:
Ashenzari
Cheibriados
Dithmenos
Elyvilon
Fedhas
Gozag
Hepliaklqana
Kikubaaqudgha
Makhleb
Nemelex Xobeh
Okawaru
Qazlal
Ru
Sif Muna
Trog
Vehumet
Wu Jian
Xom
Yredelemnul
Zin
The Shining One

Shops:
D:9 %

Annotations:
D:9 Joseph


Innate Abilities, Weirdness & Mutations

You cannot wear most types of armour.
You are very stealthy in the water. (Stealth+)
You are amphibious.
You can wear up to eight rings at the same time.
You can use your tentacles to constrict eight enemies at once.
Your skin changes colour to match your surroundings (Stealth+).
Your rubbery body absorbs attacks. (AC +1, EV +1)
You are surrounded by a mild repulsion field. (EV +2)
You tend to lose your temper in combat.
You can translocate small distances at will.
You are clumsy. (Dex -2)
Your muscles are strong. (Str +2)


Message History

The orc warrior completely misses you. The orc wizard misses you.
Unknown command.
You closely miss the orc warrior. Your grab misses the orc warrior.
The orc warrior is severely wounded.
Your shadow hits the orc warrior but does no damage.
The orc warrior closely misses you.
The orc wizard points at you and mumbles some strange words.
The magic dart hits you!
* * * LOW HITPOINT WARNING * * *
You tentacle-slap the orc warrior. Your grab misses the orc warrior.
You tentacle-slap the orc warrior. Your squeeze misses the orc warrior.
The orc warrior is almost dead.
The orc warrior closely misses you.
The orc wizard hits you with a dagger of freezing.
* * * LOW HITPOINT WARNING * * *
Unknown command.
You closely miss the orc warrior. Your grab misses the orc warrior.
The orc warrior is almost dead.
The orc warrior hits you with a hand axe!!
You die...

##....... ...#.#
##....... ..#.#
.K.....# #.#.#
#)#...#######.#.#
#.##K..............#
#..).Ko..#######.###
######.#.........#
##K#oK.......#
#.Ko@...######
#..####.# #.[# #.#
#..# #.# .... #.#
#...# #.# #.... #.#
....


You could see an orc warrior, an orc wizard and 3 kobolds.

Vanquished Creatures
  A hippogriff (D:8)
  A water moccasin (D:7)
  A sky beast (D:7)
  2 ogres
  Blork the orc (D:6)
  5 bullfrogs
  A water moccasin zombie (D:6)
  3 scorpions
  6 killer bees (D:8)
  5 wights (D:6)
  3 vampire bats (D:4)
  3 howler monkeys
  5 crimson imps
  5 hounds
  A bullfrog skeleton (D:9)
  A jelly (D:6)
  2 centaur skeletons (D:6)
  3 orc priests
  Crazy Yiuf (D:7)
  4 worker ants
  A worker ant zombie (D:5)
  Robin (D:2)
  A gnoll (D:2)
  11 adders
  A shadow imp (D:4)
  2 adder skeletons
  3 adder zombies
  A worm (D:4)
  4 dart slugs
  6 leopard geckos
  17 orcs
  2 ball pythons (D:2)
  6 giant cockroaches
  11 hobgoblins
  10 jackals
  9 kobolds
  A quokka (D:7)
  17 bats
  8 frilled lizards
  13 goblins
  A jackal skeleton (D:3)
  A leopard gecko skeleton (D:7)
  11 rats
192 creatures vanquished.

Notes
Turn   | Place    | Note
-------+----------+-------------------------------------------
     0 | D:1      | Deemzul the Octopode Monk began the quest for the Orb.
     0 | D:1      | Reached XP level 1. HP: 16/16 MP: 1/1
    55 | D:1      | Reached skill level 3 in Stealth
   109 | D:1      | Reached XP level 2. HP: 16/21 MP: 2/2
   245 | D:1      | Reached XP level 3. HP: 23/26 MP: 3/3
   763 | D:2      | Found a shadowy altar of Dithmenos.
   785 | D:2      | Became a worshipper of Dithmenos the Shadowed
   785 | D:2      | Reached * piety under Dithmenos
   785 | D:2      | Reached ** piety under Dithmenos
   798 | D:2      | Found a basalt altar of Yredelemnul.
   856 | D:2      | Found an opulent altar of Gozag.
   913 | D:2      | Found a shattered altar of Ashenzari.
  1106 | D:2      | Reached XP level 4. HP: 28/31 MP: 4/4
  1172 | D:2      | Found an iron altar of Okawaru.
  1227 | D:2      | Noticed Robin
  1257 | D:2      | Killed Robin
  1257 | D:2      | Reached skill level 4 in Stealth
  1735 | D:3      | Found a sacrificial altar of Ru.
  1886 | D:3      | Found a sparkling altar of Nemelex Xobeh.
  1940 | D:3      | Reached XP level 5. HP: 27/36 MP: 5/5
  1964 | D:3      | Reached *** piety under Dithmenos
  2231 | D:3      | Reached skill level 5 in Stealth
  2654 | D:3      | Found a burning altar of Makhleb.
  2727 | D:2      | Reached XP level 6. HP: 41/43 MP: 6/6
  3180 | D:4      | Found a staircase to the Ecumenical Temple.
  3206 | Temple   | Entered the Ecumenical Temple
  3638 | D:4      | Found a blossoming altar of Fedhas.
  3677 | D:4      | Found a shimmering altar of Xom.
  3708 | D:4      | Reached skill level 5 in Unarmed Combat
  3878 | D:4      | Reached **** piety under Dithmenos
  3878 | D:4      | Reached XP level 7. HP: 47/48 MP: 7/7
  3902 | D:4      | Reached skill level 6 in Stealth
  3986 | D:4      | HP: 1/48 [something/magic dart (7)]
  3994 | D:4      | HP: 2/48 [something/puff of flame (6)]
  4616 | D:4      | Found a snail-covered altar of Cheibriados.
  4734 | D:5      | Entered Level 5 of the Dungeon
  4808 | D:5      | Found a deep blue altar of Sif Muna.
  5227 | D:5      | You fall through a shaft for 2 floors!
  5441 | D:6      | Reached skill level 7 in Stealth
  5613 | D:6      | Reached XP level 8. HP: 54/54 MP: 8/8
  5975 | D:6      | Noticed Blork the orc
  5984 | D:6      | Killed Blork the orc
  6301 | D:6      | Reached skill level 5 in Fighting
  6301 | D:6      | Reached skill level 5 in Dodging
  6367 | D:6      | Reached skill level 8 in Stealth
  6887 | D:7      | Reached skill level 9 in Stealth
  7033 | D:7      | Found a runed door.
  7093 | D:7      | Reached XP level 9. HP: 9/61 MP: 9/9
  7097 | D:7      | Gained mutation: Your muscles are strong. (Str +2) [mutagenic meat]
  7098 | D:7      | Gained mutation: You tend to lose your temper in combat. [mutagenic meat]
  7099 | D:7      | Gained mutation: You are clumsy. (Dex -2) [mutagenic meat]
  7100 | D:7      | Gained mutation: You can translocate small distances at will. [mutagenic meat]
  7101 | D:7      | Gained mutation: You are surrounded by a mild repulsion field. (EV +2) [mutagenic meat]
  7460 | D:7      | Noticed Crazy Yiuf
  7465 | D:7      | Killed Crazy Yiuf
  7576 | D:8      | Reached skill level 10 in Stealth
  7963 | D:8      | Reached ***** piety under Dithmenos
  8443 | D:8      | Noticed a two-headed ogre
  8527 | D:9      | Found Atuir's Food Shoppe.
  8527 | D:9      | Noticed a two-headed ogre
  8555 | D:9      | Noticed Joseph
  8782 | D:8      | Slain by an orc warrior

Vault maps used:
D:1:      shiori_angband_town
D:2:      lemuel_coloured_pillars_altar, grunt_dithmenos_smoke_and_mirrors,
          marbit_many_paths, grunt_gozag_breadcrumbs, okawaru_trees_2,
          uniq_robin
D:3:      lemuel_crystal_altar, bloody_makhleb, overflow_temple_1_default,
          first_bread
D:4:      kennysheep_slug_shrine, chequers_temple_overflow_statue_of_worship,
          minmay_temple_entry_glass, st_stairs_4, abandoned_shop,
          roderic_batcave
D:5:      lemuel_doored_altar
D:6:      uniq_blork_the_orc
D:7:      uniq_crazy_yiuf_cottage
D:8:      kennysheep_little_box
D:9:      david_lair_generic, serial_shops, nicolae_shop_crystal, shop_statue,
          kennysheep_mini_moat, shop, kennysheep_mini, uniq_erolcha, uniq_joseph
Temple:   compressed_dpeg_triangle_lava_temple

Skill      XL: |  1  2  3  4  5  6  7  8  9 |
---------------+----------------------------+-----
Stealth        | 3 4 5 7 9 10 | 10.6
Unarmed Combat | 4 5 7 8 |  8.1
Dodging        | 4 5 6 |  6.1
Fighting       | 4 5 6 |  6.2

Action                   |  1- 3 |  4- 6 |  7- 9 || total
-------------------------+-------+-------+-------++-------
Melee: Unarmed           |    46 |       |   233 ||   279
       Constrict         |    17 |    57 |    66 ||   140
       Tentacles         |    16 |    42 |    73 ||   131
       Dagger            |    34 |   185 |    51 ||   270
       Punch             |       |    13 |    13 ||    26
  Use: Scroll            |       |       |     9 ||     9
       Potion            |       |       |     5 ||     5
 Stab: Sleeping          |    10 |     8 |    27 ||    45
       Distracted        |       |       |     1 ||     1
  Eat: Chunk             |       |     9 |    19 ||    28
       Fruit             |       |       |     1 ||     1
Armor: Skin              |     8 |    26 |    12 ||    46
Dodge: Dodged            |    58 |   129 |   200 ||   387
Block: Buckler           |       |    20 |    37 ||    57
